TOP OF THE 1ST |
West Virginia Power batting - Pitching for Wichita Wranglers : RHP John Drake
|
Pitching: RHP John Drake
|
|
Batting: LHB Júlio Martínez
|
0-0: Ball 1-0: Ball 2-0: Called Strike 2-1: SINGLE (Groundball, 34) (infield hit)
|
Batting: RHB Brett Bell
|
0-0: Ball 1-0: Foul Ball, location: 2F 1-1: Called Strike 1-2: Strikes out looking
|
Batting: RHB Dave McGrath
|
0-0: Foul Ball, location: 2F 0-1: Ball 1-1: Called Strike 1-2: SINGLE (Line Drive, 9LS) Júlio Martínez to second
|
Batting: RHB Tony Parker
|
0-0: Ball 1-0: Ball 2-0: SINGLE (Line Drive, 8RS) Júlio Martínez to third Dave McGrath to second Runner from 3rd tries for Home, throw and OUT! Dave McGrath to third Tony Parker to second
|
Batting: LHB Héctor Soto
|
0-0: Called Strike 0-1: Ball 1-1: Called Strike 1-2: Strikes out swinging
|
Top of the 1st over - 0 run(s), 3 hit(s), 0 error(s), 2 left on base; West Virginia 0 - Wichita 0 |
BOTTOM OF THE 1ST |
Wichita Wranglers batting - Pitching for West Virginia Power : RHP Horace Jacobs
|
Pitching: RHP Horace Jacobs
|
|
Batting: RHB Werner Watkins
|
0-0: Called Strike 0-1: Swinging Strike 0-2: Strikes out swinging
|
Batting: RHB Oliver Todd
|
0-0: Fly out, F8 (Flyball, 89M)
|
Batting: LHB Edward Rose
|
0-0: Called Strike 0-1: Ball 1-1: Ball 2-1: Swinging Strike 2-2: SINGLE (Groundball, 6D)
|
Batting: SHB Javier Peña
|
0-0: Ball 1-0: Ball 2-0: Ball 3-0: Base on Balls Edward Rose to second
|
Batting: RHB Félix Gonzáles
|
0-0: SINGLE (Line Drive, 6MD) Edward Rose to third Javier Peña to second Runner from 3rd tries for Home, SAFE, no throw
|
Batting: LHB Alfredo Sánchez
|
0-0: Ball 1-0: Ball 2-0: Foul Ball, location: 2F 2-1: Foul Ball, location: 2F 2-2: Foul Ball, location: 2F 2-2: Foul Ball, location: 2F 2-2: Ball 3-2: Foul Ball, location: 2F 3-2: Foul Ball, location: 2F 3-2: Fly out, F6 (Popup, 56D)
|
Bottom of the 1st over - 1 run(s), 2 hit(s), 0 error(s), 2 left on base; West Virginia 0 - Wichita 1 |
TOP OF THE 2ND |
West Virginia Power batting - Pitching for Wichita Wranglers : RHP John Drake
|
Batting: RHB Aaron Murray
|
0-0: Ball 1-0: Ground out 5-3 (Groundball, 5)
|
Batting: RHB Jesse McKnight
|
0-0: Ground out 6-3 (Groundball, 56)
|
Batting: SHB Waylon Adams
|
0-0: Foul Ball, location: 2F 0-1: Ball 1-1: Ball 2-1: Foul Ball, location: 2F 2-2: Strikes out swinging, 2-3 out at first.
|
Top of the 2nd over - 0 run(s), 0 hit(s), 0 error(s), 0 left on base; West Virginia 0 - Wichita 1 |
BOTTOM OF THE 2ND |
Wichita Wranglers batting - Pitching for West Virginia Power : RHP Horace Jacobs
|
Batting: RHB Santiago Morales
|
0-0: Ground out U3 (Groundball, 34)
|
Batting: SHB Wayne Matthews
|
0-0: Ball 1-0: Fly out, F7 (Flyball, 7S)
|
Batting: LHB José López
|
0-0: Called Strike 0-1: Fly out, F7 (Flyball, 7LS)
|
Bottom of the 2nd over - 0 run(s), 0 hit(s), 0 error(s), 0 left on base; West Virginia 0 - Wichita 1 |
TOP OF THE 3RD |
West Virginia Power batting - Pitching for Wichita Wranglers : RHP John Drake
|
Batting: SHB Clint Woods
|
0-0: Ball 1-0: Ball 2-0: Ball 3-0: Base on Balls
|
Batting: LHB Júlio Martínez
|
0-0: Called Strike 0-1: Called Strike 0-2: Ball 1-2: Foul Ball, location: 2F 1-2: Foul Ball, location: 2F 1-2: Ball 2-2: Strikes out looking
|
Batting: RHB Brett Bell
|
0-0: Ball 1-0: Ball 2-0: Called Strike 2-1: Ball 3-1: Foul Ball, location: 2F 3-2: Strikes out swinging
|
Batting: RHB Dave McGrath
|
0-0: Ball 1-0: Foul Ball, location: 2F 1-1: Ball 2-1: Ball 3-1: Fly out, F8 (Flyball, 8LM)
|
Top of the 3rd over - 0 run(s), 0 hit(s), 0 error(s), 1 left on base; West Virginia 0 - Wichita 1 |
BOTTOM OF THE 3RD |
Wichita Wranglers batting - Pitching for West Virginia Power : RHP Horace Jacobs
|
Batting: RHB Werner Watkins
|
0-0: Called Strike 0-1: Ball 1-1: Swinging Strike 1-2: Ball 2-2: Strikes out looking
|
Batting: RHB Oliver Todd
|
0-0: Called Strike 0-1: Ground out 6-3 (Groundball, 6)
|
Batting: LHB Edward Rose
|
0-0: Ball 1-0: Ball 2-0: Foul Ball, location: 2F 2-1: Fly out, F8 (Line Drive, 8RM)
|
Bottom of the 3rd over - 0 run(s), 0 hit(s), 0 error(s), 0 left on base; West Virginia 0 - Wichita 1 |
TOP OF THE 4TH |
West Virginia Power batting - Pitching for Wichita Wranglers : RHP John Drake
|
Batting: RHB Tony Parker
|
0-0: Ball 1-0: Ball 2-0: Called Strike 2-1: Fly out, F8 (Flyball, 89M)
|
Batting: LHB Héctor Soto
|
0-0: Called Strike 0-1: Foul Ball, location: 2F 0-2: Foul Ball, location: 2F 0-2: Fly out, F7 (Line Drive, 7D)
|
Batting: RHB Aaron Murray
|
0-0: Ball 1-0: Foul Ball, location: 2F 1-1: Called Strike 1-2: Ball 2-2: Ball 3-2: Base on Balls
|
Batting: RHB Jesse McKnight
|
0-0: Fly out, F8 (Flyball, 8LS)
|
Top of the 4th over - 0 run(s), 0 hit(s), 0 error(s), 1 left on base; West Virginia 0 - Wichita 1 |
BOTTOM OF THE 4TH |
Wichita Wranglers batting - Pitching for West Virginia Power : RHP Horace Jacobs
|
Batting: SHB Javier Peña
|
0-0: Foul Ball, location: 2F 0-1: Ground out 4-3 (Groundball, 34)
|
Batting: RHB Félix Gonzáles
|
0-0: Called Strike 0-1: Ball 1-1: Foul Ball, location: 2F 1-2: Foul Ball, location: 2F 1-2: Ball 2-2: Foul Ball, location: 2F 2-2: Ball 3-2: Ground out 5-3 (Groundball, 56S)
|
Batting: LHB Alfredo Sánchez
|
0-0: Ball 1-0: Called Strike 1-1: Ball 2-1: Ball 3-1: Ground out 4-3 (Groundball, 4)
|
Bottom of the 4th over - 0 run(s), 0 hit(s), 0 error(s), 0 left on base; West Virginia 0 - Wichita 1 |
TOP OF THE 5TH |
West Virginia Power batting - Pitching for Wichita Wranglers : RHP John Drake
|
Batting: SHB Waylon Adams
|
0-0: Ball 1-0: Swinging Strike 1-1: Ball 2-1: Foul Ball, location: 2F 2-2: Ball 3-2: Strikes out looking
|
Batting: SHB Clint Woods
|
0-0: Called Strike 0-1: Swinging Strike 0-2: Ball 1-2: Strikes out looking
|
Batting: LHB Júlio Martínez
|
0-0: Called Strike 0-1: Ball 1-1: Ball 2-1: Ball 3-1: Fly out, F9 (Flyball, 89S)
|
Top of the 5th over - 0 run(s), 0 hit(s), 0 error(s), 0 left on base; West Virginia 0 - Wichita 1 |
BOTTOM OF THE 5TH |
Wichita Wranglers batting - Pitching for West Virginia Power : RHP Horace Jacobs
|
Batting: RHB Santiago Morales
|
0-0: Foul Ball, location: 2F 0-1: Foul Ball, location: 2F 0-2: Foul Ball, location: 2F 0-2: Ball 1-2: Foul Ball, location: 2F 1-2: Ball 2-2: Ball 3-2: Ground out 6-3 (Groundball, 6S)
|
Batting: SHB Wayne Matthews
|
0-0: Ground out 4-3 (Groundball, 4)
|
Batting: LHB José López
|
0-0: Ball 1-0: Swinging Strike 1-1: Foul Ball, location: 2F 1-2: Ball 2-2: DOUBLE (Line Drive, 8RXD)
|
Batting: RHB Werner Watkins
|
0-0: Foul Ball, location: 2F 0-1: Foul Ball, location: 2F 0-2: Ball 1-2: Foul Ball, location: 2F 1-2: Ball 2-2: Ball 3-2: Strikes out swinging
|
Bottom of the 5th over - 0 run(s), 1 hit(s), 0 error(s), 1 left on base; West Virginia 0 - Wichita 1 |
TOP OF THE 6TH |
West Virginia Power batting - Pitching for Wichita Wranglers : RHP John Drake
|
Batting: RHB Brett Bell
|
0-0: Swinging Strike 0-1: Ball 1-1: Fly out, F7 (Flyball, 78S)
|
Batting: RHB Dave McGrath
|
0-0: Called Strike 0-1: Ball 1-1: Foul Ball, location: 2F 1-2: Ground out 5-3 (Groundball, 56)
|
Batting: RHB Tony Parker
|
0-0: SINGLE (Line Drive, 8RS)
|
Batting: LHB Héctor Soto
|
0-0: Ball 1-0: Foul Ball, location: 2F 1-1: Foul Ball, location: 2F 1-2: Foul Ball, location: 2F 1-2: Strikes out looking
|
Top of the 6th over - 0 run(s), 1 hit(s), 0 error(s), 1 left on base; West Virginia 0 - Wichita 1 |
BOTTOM OF THE 6TH |
Wichita Wranglers batting - Pitching for West Virginia Power : RHP Horace Jacobs
|
Batting: RHB Oliver Todd
|
0-0: Foul Ball, location: 2F 0-1: Swinging Strike 0-2: Foul Ball, location: 2F 0-2: Ball 1-2: Foul Ball, location: 2F 1-2: Fly out, F7 (Flyball, 7)
|
Batting: LHB Edward Rose
|
0-0: Ball 1-0: Ball 2-0: Ball 3-0: SINGLE (Groundball, 6D)
|
Batting: SHB Javier Peña
|
0-0: Ball 1-0: Ball 2-0: Ball 3-0: Base on Balls Edward Rose to second
|
Batting: RHB Félix Gonzáles
|
0-0: Foul Ball, location: 2F 0-1: Fly out, F2 (Popup, 23)
|
Batting: LHB Alfredo Sánchez
|
0-0: Fly out, F9 (Flyball, 89D)
|
Bottom of the 6th over - 0 run(s), 1 hit(s), 0 error(s), 2 left on base; West Virginia 0 - Wichita 1 |
TOP OF THE 7TH |
West Virginia Power batting - Pitching for Wichita Wranglers : RHP John Drake
|
Batting: RHB Aaron Murray
|
0-0: Ground out 4-3 (Groundball, 4)
|
Batting: RHB Jesse McKnight
|
0-0: DOUBLE (Flyball, 8RM)
|
Pinch Hitting: RHB Roberto Tobías
|
0-0: Ball 1-0: Ball 2-0: Foul Ball, location: 2F 2-1: Ball 3-1: Base on Balls
|
Pitching: LHP Fred Villa
|
|
Batting: SHB Clint Woods
|
0-0: Ball 1-0: Called Strike 1-1: Foul Ball, location: 2F 1-2: Ball 2-2: Ball 3-2: SINGLE (Groundball, 3D) Jesse McKnight to third Roberto Tobías to second Runner from 3rd tries for Home, throw and OUT!
|
Pinch Runner at 2nd Claudio Morán:
|
|
Pinch Hitting: RHB Will Lott
|
0-0: Ball 1-0: Called Strike 1-1: Fly out, F9 (Flyball, 9LS)
|
Top of the 7th over - 0 run(s), 2 hit(s), 0 error(s), 2 left on base; West Virginia 0 - Wichita 1 |
BOTTOM OF THE 7TH |
Wichita Wranglers batting - Pitching for West Virginia Power : RHP Horace Jacobs
|
Now at 1B: Will Lott
|
|
Now in RF: Lúcio Anaya
|
|
Batting: RHB Santiago Morales
|
0-0: Ball 1-0: Foul Ball, location: 2F 1-1: Ball 2-1: Ground out 5-3 (Groundball, 56)
|
Pitching: RHP Mike Frank
|
|
Batting: SHB Wayne Matthews
|
0-0: Ball 1-0: Foul Ball, location: 2F 1-1: Ball 2-1: Ground out 3-1 (Groundball, 34)
|
Pitching: LHP Edmond Summers
|
|
Batting: LHB José López
|
0-0: Ball 1-0: Fly out, F7 (Flyball, 7S)
|
Bottom of the 7th over - 0 run(s), 0 hit(s), 0 error(s), 0 left on base; West Virginia 0 - Wichita 1 |
TOP OF THE 8TH |
West Virginia Power batting - Pitching for Wichita Wranglers : LHP Fred Villa
|
Pitching: RHP Luis Pérez
|
|
Batting: RHB Brett Bell
|
0-0: Ball 1-0: Ground out 5-3 (Groundball, 56)
|
Batting: RHB Dave McGrath
|
0-0: Foul Ball, location: 2F 0-1: Ball 1-1: Swinging Strike 1-2: Ball 2-2: Fly out, F6 (Popup, 4MD)
|
Batting: RHB Tony Parker
|
0-0: Ball 1-0: Swinging Strike 1-1: Foul Ball, location: 2F 1-2: Strikes out swinging
|
Top of the 8th over - 0 run(s), 0 hit(s), 0 error(s), 0 left on base; West Virginia 0 - Wichita 1 |
BOTTOM OF THE 8TH |
Wichita Wranglers batting - Pitching for West Virginia Power : LHP Edmond Summers
|
Pitching: RHP Steve Snyder
|
|
Batting: RHB Werner Watkins
|
0-0: Swinging Strike 0-1: Called Strike 0-2: Fly out, F8 (Flyball, 8LXD)
|
Batting: RHB Oliver Todd
|
0-0: Ball 1-0: Called Strike 1-1: Foul Ball, location: 2F 1-2: Ball 2-2: Foul Ball, location: 2F 2-2: Strikes out swinging
|
Batting: LHB Edward Rose
|
0-0: Ball 1-0: Called Strike 1-1: Ball 2-1: Ball 3-1: Base on Balls
|
Batting: SHB Javier Peña
|
0-0: Ball 1-0: Foul Ball, location: 2F 1-1: Foul Ball, location: 2F 1-2: Foul Ball, location: 2F 1-2: Foul Ball, location: 2F 1-2: Strikes out swinging
|
Bottom of the 8th over - 0 run(s), 0 hit(s), 0 error(s), 1 left on base; West Virginia 0 - Wichita 1 |
TOP OF THE 9TH |
West Virginia Power batting - Pitching for Wichita Wranglers : RHP Luis Pérez
|
Pitching: RHP Craig Adams
|
|
Now at 2B: Lewis Woods
|
|
Pinch Hitting: LHB José González
|
0-0: Ball 1-0: Ball 2-0: Foul Ball, location: 2F 2-1: Ground out 6-3 (Groundball, 6)
|
Batting: RHB Aaron Murray
|
0-0: Ball 1-0: Ball 2-0: Called Strike 2-1: Foul Ball, location: 2F 2-2: Ball 3-2: Foul Ball, location: 2F 3-2: Base on Balls
|
Batting: RHB Jesse McKnight
|
0-0: Fielders Choice at 2nd, 6-4 (Groundball, 6)
|
Batting: LHB Lúcio Anaya
|
0-0: Ball 1-0: Fielders Choice at 2nd, 4-6 (Groundball, 4)
|
Top of the 9th over - 0 run(s), 0 hit(s), 0 error(s), 0 left on base; West Virginia 0 - Wichita 1 |
|